cohdb
Replays
Latest Replays
All Replays
Popular Replays
Top Player Replays
Match Explorer
How It Works
Community
CoH3 Stats
Reddit
Sign in to upload your games and track your stats! →
Sign in with Steam
Match 42557204
Unlisted
Match 42557204
Overview
Messages
Build Orders
End
Kradschützen Motorcycle Team
Selects Italian Infantry
Panzergrenadier Squad
Panzergrenadier Squad
Panzergrenadier Squad
Construct Light Support Kompanie
Panzerjäger Squad
2.5-tonne Medical Truck
Fire Support Elements
Selects Guastatori Squad
Selects L6/40 Light Tank Combat Group
Selects Defensive Operations
Flakvierling Half-track
Vehicle Survival Package
L6/40 Light Tank Combat Group
Selects Prepared Positions
Flakvierling Half-track
Selects Obice 305mm Barrage
Pak 38 Mechanized Group
MG34 Team
(502) Bad Gateway
sorokina-matrena
0
0
Comments
sign in to comment!
No comments posted yet!